 Dungeon Crawl Stone Soup version 0.32-a0-798-gfa783ce77f (webtiles) character file.

Game seed: 5494110954162029099

36565 Kenran the Bludgeoner (level 13, 0/113 HPs)
             Began as a Minotaur Ice Elementalist on Mar 21, 2024.
             Was the Champion of Okawaru.
             Succumbed to a death drake's dark miasma
             ... in a Gauntlet.
             The game lasted 00:35:57 (14883 turns).

Kenran the Bludgeoner (Minotaur Ice Elementalist)  Turns: 14883, Time: 00:35:58

Health: 0/113      AC: 44    Str: 18    XL:     13   Next: 53%
Magic:  15/15      EV: 10    Int: 12    God:    Okawaru [******]
Gold:   821        SH:  5    Dex: 11    Spells: 13/14 levels left

rFire   + . .        a - +4 demon trident (vamp)
rCold   . . .        p - +0 buckler
rNeg    . . .        S - +13 crystal plate armour of the Alphagorgon {rElec rF+ Slay+5 Stlth-}
rPois   .            (helmet restricted)
rElec   +            u - +0 cloak
rCorr   .            v - +0 pair of gloves
SInv    .            o - +0 pair of boots
Will    +....        x - amulet of regeneration Stlth
                     L - ring of willpower
HPRegen 1.18/turn    I - +5 ring of evasion
MPRegen 0.14/turn

%: no teleportation
@: lethally poisoned (0 -> -17), heroic, slowed, very slow
A: horns 2, retaliatory headbutt
a: Renounce Religion, Heroism, Finesse, Duel


You were in a Gauntlet.
You worshipped Okawaru.
Okawaru was exalted by your worship.
You visited 2 branches of the dungeon, and saw 17 of its levels.
You also visited: Gauntlet and Ice Cave.

You collected 983 gold pieces.
You spent 162 gold pieces at shops.

Inventory:

Hand Weapons
 a - a +4 vampiric demon trident (weapon)
 O - a +2 morningstar of protection
Missiles
 j - 23 poisoned darts
 n - a throwing net
Armour
 o - a +0 pair of boots (worn)
 p - a +0 buckler (worn)
 u - a +0 cloak (worn)
 v - a +0 pair of gloves (worn)
 S - the +13 crystal plate armour of the Alphagorgon (worn) {rElec rF+ Slay+5 Stlth-}
   (Okawaru gifted it to you on level 2 of the Lair of Beasts)

   Slay+5:    It affects your accuracy & damage with ranged weapons and melee
   (+5).
   rF+:       It protects you from fire.
   rElec:     It insulates you from electricity.
   Stlth-:    It makes you less stealthy.
Jewellery
 x - an amulet of regeneration (around neck)
 I - a +5 ring of evasion (right hand)
 L - a ring of willpower (left hand)
 Q - a ring of flight
Wands
 d - a wand of digging (7)
 t - a wand of flame (34)
 F - a wand of warping (2)
Scrolls
 f - 5 scrolls of immolation {!r}
 l - 4 scrolls of teleportation
 q - 3 scrolls of enchant armour
 r - 6 scrolls of fog
 s - a scroll of enchant weapon
 w - a scroll of revelation
 E - a scroll of amnesia
 G - 2 scrolls of poison {!r}
 J - 2 scrolls of silence
 R - a scroll of brand weapon
Potions
 b - 2 potions of magic
 c - 6 potions of haste
 g - 4 potions of enlightenment
 h - a potion of berserk rage {!q}
 i - a potion of brilliance {unknown}
 m - 2 potions of lignification {unknown}
 y - 3 potions of resistance {unknown}
 A - 3 potions of might {unknown}
 B - 2 potions of degeneration {unknown}
 C - 3 potions of invisibility
 D - 2 potions of heal wounds {@q2}
 H - 2 potions of attraction {unknown}
 K - 2 potions of cancellation {unknown}
 N - 2 potions of ambrosia {unknown}
 P - a potion of mutation {unknown}
Miscellaneous
 e - a box of beasts


   Skills:
 - Level 10.0(15.0) Fighting
 - Level 16.0(21.0) Maces & Flails
 - Level 14.0(19.0) Polearms
 - Level 14.0(19.0) Armour
 - Level 2.1(7.1) Dodging
 - Level 1.5(6.5) Stealth
 + Level 3.5(8.5) Shields
 - Level 0.2(5.2) Unarmed Combat
 - Level 1.3 Spellcasting
 - Level 2.9 Ice Magic
 - Level 4.0 Invocations


You had 13 spell levels left.
You knew the following spells:

 Your Spells              Type           Power      Damage    Failure   Level
a - Freeze                Ice            28%        1d5       99%         1

Your spell library contained the following spells:

 Spells                   Type           Power      Damage    Failure   Level
 Apportation              Tloc           0%         N/A       100%        1
 Kiss of Death            Conj/Necr      0%         2d5       100%        1
 Magic Dart               Conj           0%         1d3       100%        1
 Necrotise                Necr           0%         1d4       100%        1
 Shock                    Conj/Air       0%         1d3       100%        1
 Sting                    Conj/Alch      0%         1d3       100%        1
 Confusing Touch          Hex            0%         N/A       100%        3
 Frozen Ramparts          Ice            14%        1d3       100%        3
 Ozocubu's Armour         Ice            7%         N/A       100%        3
 Passwall                 Erth           0%         N/A       100%        3
 Vampiric Draining        Necr           0%         2d6       100%        3
 Volatile Blastmotes      Fire/Tloc      0%         2d10      100%        3
 Dimensional Bullseye     Hex/Tloc       0%         N/A       100%        4
 Dispel Undead            Necr           0%         3d6       100%        4
 Vhi's Electric Charge    Tloc/Air       0%         N/A       100%        4
 Arcjolt                  Conj/Air       0%         1d10      100%        5
 Curse of Agony           Necr           0%         N/A       100%        5
 Bombard                  Conj/Erth      0%         9d1       100%        6
 Maxwell's Capacitive Co  Air            0%         ∞         100%        8
 Summon Small Mammal      Summ           Unusable   N/A       N/A         1
 Summon Ice Beast         Ice/Summ       Unusable   N/A       N/A         3
 Martyr's Knell           Necr/Summ      Unusable   N/A       N/A         4
 Summon Mana Viper        Hex/Summ       Unusable   N/A       N/A         5

Dungeon Overview and Level Annotations

Branches:
Dungeon (12/15)            Temple (0/1) D:4            Lair (5/5) D:9
  Swamp (0/4) Lair:3       Spider (0/4) Lair:2        Slime (0/5) Lair:4
  IceCv (visited)         Gauntlet (1/1)
    Orc: D:9-12

Altars:
Elyvilon
Kikubaaqudgha
Nemelex Xobeh
Okawaru
Ru
Sif Muna
Trog
Uskayaw
Vehumet
Yredelemnul
Jiyva

Shops:
D:5 (:([   D:7 :*   D:9 (=[**

Annotations:
D:1 exclusion: downstairs
D:2 Sigmund
D:3 1 runed translucent door, Crazy Yiuf
D:10 6 transporters
Lair:5 1 transporter, flt's ghost, journeyman CoAr Gauntlet 9 transporters, 5 runed translucent doors, exclusion: oklob plant


Innate Abilities, Weirdness & Mutations

You have a pair of horns on your head.
You reflexively headbutt those who attack you in melee.


Message History

The death drake closely misses you. You furiously retaliate!
You headbutt the death drake!
The centaur warrior zombie hits you but does no damage.
The centaur warrior zombie kicks you but does no damage.
You miss the death drake. Your headbutt misses the death drake.
The death drake is severely wounded.
You feel very sick. The death drake closely misses you.
The centaur warrior zombie hits you but does no damage.
The centaur warrior zombie kicks you but does no damage.
You block the death drake's attack.
You closely miss the death drake. Your headbutt misses the death drake.
The death drake is severely wounded.
You feel sick.
The centaur warrior zombie closely misses you.
The centaur warrior zombie kicks you but does no damage.
The death drake breathes miasma at you. The foul vapour misses you.
Okay, then.
Unknown command.
Okay, then.
Unknown command.
Blink to where?
Press: ? - help, Dir - move target
As you read the scroll of blinking, it crumbles to dust.
You are engulfed in dark miasma.
You are more poisoned.
You feel as though you will be slow longer.
* * * LOW HITPOINT WARNING * * *
x2 You feel extremely sick.
The centaur warrior zombie hits you but does no damage.
The centaur warrior zombie barely misses you.
You feel much better.
You are engulfed in dark miasma.
You are more poisoned.
You feel as though you will be slow longer.
* * * LOW HITPOINT WARNING * * *
x2 You feel extremely sick.
The centaur warrior zombie hits you but does no damage.
The centaur warrior zombie kicks you but does no damage.
You die...

▓.♣.≣..PP.≣©.+...©≣©≣.......≣.≣
.▓▓...≣.♣...≣≣≣+≣≣≣≣≣≣≣..P♣P..≣.≣
....©.≣.....≣.......≣...PPPPP.≣.≣
.▓▓...≣.....≣ERhh...≣...≣≈≣≈≣.≣.≣
.▓▓.©.≣.....≣≣≣≣≣≣≣≣≣...≈≈≈≈≈.≣.≣
......≣..∩............♣.≣≈≣≈≣.≣©≣
.▓▓.©.≣.....≣≣≣≣≣≣≣≣≣..P≈≈≈≈≈.≣.≣
.▓▓...≣.....≣ZZk..≣≣≣...≣≈≣≈≣.≣.≣
....©.≣.P...≣Z≣≣@≣≣≣≣...PPPPP.≣.≣
.▓▓...≣.♣P..≣°≣≣.^..≣≣≣..P♣...≣.≣
▓.♣.≣..PP.≣Z≣.©.≣.≣©≣.......≣.≣
.....≣≣..♣.≣Z)^.≣≣.≣.≣≣≣≣≣≣≣≣≣.≣
.▓▓.♣. ≣≣.P.≣≣≣≣.≣≣.≣.≣.......≣.≣
▓...≣≣≈...≣≣≣.....≣.≣.≣≣≣.≣.≣.≣ ▓
▓ ≣≈≈.P.≣≣≣≣≣≣≣≣≣.≣"≣≣≣...≣.≣
≣≣≈.♣.........≣©≣©≣≣≣©..≣©≣
≣≣.P.≣≣≣≣≣≣≣≣≣.≣..^.≣≣.≣≣≣


You could see a death drake, a spectral centaur warrior, an efreet, a fire
elemental, 2 hell hounds and a centaur warrior zombie.

Vanquished Creatures
  2 hydras
  2 two-headed ogres
  A boulder beetle (D:11)
  A manticore (D:11)
  An ugly thing (D:11)
  2 cyclopes
  Joseph (D:7)
  A moth of wrath (Gauntlet)
  6 black mambas
  6 elephants (Lair:4)
  An unseen horror (D:11)
  A gargoyle (D:10)
  5 rime drakes
  7 cane toads
  2 anaconda simulacra (IceCv)
  An ice devil (Gauntlet)
  5 komodo dragons
  2 trolls (D:12)
  3 polar bears
  A merfolk (D:9)
  Grinder (D:3)
  A hornet (D:7)
  21 blink frogs
  A shadow (D:12)
  4 wraiths
  32 yaks
  A vampire (D:12)
  A golden eye (shapeshifter) (D:11)
  5 wyverns
  4 basilisks
  Eustachio (D:6)
  A steam dragon (Lair:4)
  4 vampire mosquitoes (Lair:3)
  A small abomination (Lair:5)
  2 death yak simulacra (Lair:3)
  2 acid dragons
  17 water moccasins
  3 orc warriors
  2 ice beasts
  A sky beast (D:6)
  An ogre (D:6)
  14 wolves
  6 centaurs
  2 phantoms (D:5)
  A kobold brigand (D:9)
  8 bullfrogs
  2 scorpions
  2 gnoll sergeants
  4 wights (D:8)
  An elephant simulacrum (Lair:3)
  17 killer bees
  3 electric eels
  A howler monkey (D:7)
  3 hounds
  A jelly (D:6)
  A gnoll bouda (D:7)
  15 orc priests
  Natasha (D:3)
  A polar bear simulacrum (Lair:3)
  A spriggan simulacrum (IceCv)
  Terence (D:3)
  23 orc wizards
  3 troll simulacra (IceCv)
  A wolf simulacrum (IceCv)
  Robin (D:3)
  16 gnolls
  7 adders
  A naga simulacrum (IceCv)
  A shadow imp (D:7)
  6 white imps
  2 ufetubi (IceCv)
  A dart slug (D:2)
  2 ribbon worms
  48 orcs
  8 ball pythons
  7 endoplasms
  6 giant cockroaches
  8 goblins
  12 hobgoblins
  3 jackals
  A quokka (D:1)
  7 bats
  3 frilled lizards
  7 kobolds
  7 rats
423 creatures vanquished.

Vanquished Creatures (others)
  An arcanist (D:6)
1 creature vanquished.

Grand Total: 424 creatures vanquished

Notes
Turn   | Place    | Note
-------+----------+-------------------------------------------
     0 | D:1      | Kenran the Minotaur Ice Elementalist began the quest for
                  | the Orb.
     0 | D:1      | Reached XP level 1. HP: 14/14 MP: 1/1
    96 | D:1      | Reached skill level 1 in Maces & Flails
   337 | D:1      | Reached skill level 2 in Maces & Flails
   337 | D:1      | Reached XP level 2. HP: 18/20 MP: 3/3
   824 | D:2      | Reached skill level 3 in Maces & Flails
   872 | D:2      | Reached XP level 3. HP: 16/26 MP: 4/4
  1079 | D:2      | Reached skill level 4 in Maces & Flails
  1263 | D:2      | Noticed Sigmund
  1651 | D:3      | Reached XP level 4. HP: 33/33 MP: 5/5
  1803 | D:3      | Noticed Grinder
  1806 | D:3      | Killed Grinder
  1807 | D:3      | Reached skill level 7 in Maces & Flails
  1807 | D:3      | Reached XP level 5. HP: 38/38 MP: 6/6
  1807 | D:3      | Reached XP level 6. HP: 45/45 MP: 7/7
  1877 | D:3      | Noticed a glass eye
  1881 | D:3      | Found a faded altar of an unknown god.
  1882 | D:3      | Noticed a great orb of eyes
  1882 | D:3      | Noticed a golden eye
  1882 | D:3      | Noticed a shining eye
  1891 | D:3      | Noticed Natasha
  1906 | D:3      | Killed Natasha
  2011 | D:3      | Prayed at the altar of an unknown god.
  2011 | D:3      | Became a worshipper of Warmaster Okawaru
  2011 | D:3      | Reached * piety under Okawaru
  2137 | D:3      | Noticed Robin
  2158 | D:3      | Killed Robin
  2309 | D:3      | Noticed Terence
  2522 | D:3      | Killed Terence
  2523 | D:3      | Reached skill level 8 in Maces & Flails
  2739 | D:3      | Found a runed translucent door.
  2740 | D:3      | Noticed Crazy Yiuf
  2799 | D:3      | Reached skill level 1 in Fighting
  2948 | D:4      | Reached XP level 7. HP: 23/57 MP: 8/8
  3140 | D:4      | Found a basalt altar of Yredelemnul.
  3447 | D:4      | Found a staircase to the Ecumenical Temple.
  3477 | D:5      | Entered Level 5 of the Dungeon
  3569 | D:5      | Found a sacrificial altar of Ru.
  3639 | D:5      | Identified the +1 trident "Otearen" {protect, rCorr}
  3678 | D:5      | Reached ** piety under Okawaru
  3679 | D:5      | Reached skill level 5 in Fighting
  3679 | D:5      | Reached skill level 1 in Polearms
  3679 | D:5      | Reached skill level 1 in Armour
  3709 | D:5      | Found Hifesh's Antique Weapon Boutique.
  3745 | D:5      | Found Jucsogan's Book Emporium.
  3815 | D:5      | Found a hide-covered altar of Uskayaw.
  3820 | D:5      | Found a sparkling altar of Nemelex Xobeh.
  3917 | D:5      | Found Feriefas's Antique Weapon Emporium.
  3955 | D:5      | Found Apueroif's Armour Boutique.
  4335 | D:6      | Reached XP level 8. HP: 68/68 MP: 9/9
  4357 | D:6      | Noticed Eustachio
  4400 | D:6      | Killed Eustachio
  4400 | D:6      | Reached *** piety under Okawaru
  4401 | D:6      | Reached skill level 5 in Polearms
  4401 | D:6      | Reached skill level 5 in Armour
  4449 | D:6      | Found a shimmering blue altar of Sif Muna.
  4457 | D:6      | Found an ancient bone altar of Kikubaaqudgha.
  4473 | D:6      | Found a radiant altar of Vehumet.
  4504 | D:6      | Got Vehumet's Cyclopedia of Injury
  4825 | D:6      | Found a bloodstained altar of Trog.
  4826 | D:6      | Noticed a wizard
  4832 | D:6      | Killed a wizard
  5173 | D:7      | Reached **** piety under Okawaru
  5174 | D:7      | Reached XP level 9. HP: 64/74 MP: 10/10
  5301 | D:7      | Found Utenyuse's Profane Products.
  5325 | D:7      | Noticed Joseph
  5607 | D:7      | Found Tasuq's Book Shop.
  5626 | D:7      | Reached skill level 10 in Polearms
  5929 | D:7      | Killed Joseph
  6118 | D:8      | Reached ***** piety under Okawaru
  6288 | D:8      | Reached XP level 10. HP: 37/81 MP: 11/11
  6558 | D:8      | Noticed a cyclops
  6568 | D:8      | Received a gift from Okawaru
  6578 | D:8      | Killed a cyclops
  6686 | D:8      | Reached skill level 1 in Invocations
  6985 | D:9      | Found a white marble altar of Elyvilon.
  7078 | D:9      | Noticed a two-headed ogre
  7186 | D:9      | Found Cemol's Weapon Shoppe.
  7202 | D:9      | Found Haatt's Jewellery Emporium.
  7393 | D:9      | Found an ancient bone altar of Kikubaaqudgha.
  7580 | D:9      | Received a gift from Okawaru
  7686 | D:9      | Found Weapacw's General Store.
  7753 | D:9      | Found Kar Awnieloe's General Store.
  7758 | D:9      | Bought a potion of heal wounds for 65 gold pieces
  7758 | D:9      | Bought a scroll of enchant armour for 97 gold pieces
  7770 | D:9      | Found a staircase to the Lair.
  7779 | D:9      | Found Oxkoatz's Armour Emporium.
  7961 | D:10     | Entered Level 10 of the Dungeon
  7961 | D:10     | Found a transporter.
  7962 | D:10     | Found a transporter.
  8178 | D:10     | You fall into a shaft and drop 2 floors!
  8184 | D:12     | Noticed a cyclops
  8192 | D:12     | Killed a cyclops
  8193 | D:12     | Reached XP level 11. HP: 72/91 MP: 12/12
  8418 | D:12     | Received a gift from Okawaru
  8702 | D:11     | Noticed a red ugly thing
  8721 | D:11     | Killed a red ugly thing
  8722 | D:11     | Reached skill level 10 in Armour
  8769 | D:11     | Found an iron altar of Okawaru.
  8794 | D:10     | Noticed a two-headed ogre
  8809 | D:10     | Killed a two-headed ogre
  8857 | D:10     | Found a transporter.
  8860 | D:10     | Found a transporter.
  9026 | D:10     | Found a transporter.
  9033 | D:10     | Found a transporter.
  9501 | D:11     | Received a gift from Okawaru
  9502 | D:11     | Reached skill level 9 in Maces & Flails
  9546 | D:11     | Noticed a boulder beetle
  9574 | D:11     | Killed a boulder beetle
  9601 | D:11     | Reached skill level 10 in Maces & Flails
  9782 | D:11     | Noticed a two-headed ogre
  9796 | D:11     | Killed a two-headed ogre
 10085 | D:12     | Noticed a red ugly thing
 10319 | Lair:1   | Entered Level 1 of the Lair of Beasts
 10355 | Lair:1   | Reached skill level 11 in Maces & Flails
 10572 | Lair:1   | Received a gift from Okawaru
 10673 | Lair:1   | Reached XP level 12. HP: 92/104 MP: 14/14
 10737 | Lair:1   | Reached skill level 12 in Maces & Flails
 11494 | Lair:2   | Reached skill level 13 in Maces & Flails
 11711 | Lair:2   | Reached skill level 14 in Maces & Flails
 11729 | Lair:2   | Noticed an eight-headed hydra
 11738 | Lair:2   | Killed an eight-headed hydra
 11738 | Lair:2   | Reached ****** piety under Okawaru
 11738 | Lair:2   | Received a gift from Okawaru
 11878 | Lair:2   | Acquired the +13 crystal plate armour of the Alphagorgon
                  | {rElec rF+ Slay+5 Stlth-}
 11878 | Lair:2   | Received a gift from Okawaru
 11907 | Lair:2   | Acquired a +2 vampiric demon trident
 11907 | Lair:2   | Received a gift from Okawaru
 12022 | Lair:2   | Found a hole to the Spider Nest.
 12028 | Lair:2   | Got the Verses on Mighty Maleficia
 12339 | Lair:3   | Reached skill level 10 in Fighting
 12683 | Lair:3   | Found a frozen archway.
 12696 | Lair:3   | Received a gift from Okawaru
 12736 | IceCv    | Entered an ice cave
 12836 | IceCv    | Reached skill level 15 in Maces & Flails
 12935 | Lair:3   | Found a staircase to the Swamp.
 13291 | Lair:4   | Found a sparkling altar of Nemelex Xobeh.
 13362 | Lair:4   | Found a staircase to the Slime Pits.
 13362 | Lair:4   | Found a viscous altar of Jiyva.
 13522 | Lair:4   | Reached XP level 13. HP: 113/113 MP: 15/15
 13675 | Lair:4   | Reached skill level 16 in Maces & Flails
 14257 | Lair:5   | Entered Level 5 of the Lair of Beasts
 14297 | Lair:5   | Received a gift from Okawaru
 14416 | Lair:5   | Found a transporter.
 14419 | Lair:5   | Noticed flt's ghost (journeyman CoAr)
 14437 | Lair:5   | Reached skill level 1 in Shields
 14472 | Lair:5   | Found a gate leading to a gauntlet.
 14484 | Gauntlet | Entered a Gauntlet
 14484 | Gauntlet | Found a transporter.
 14490 | Gauntlet | Found a runed translucent door.
 14494 | Gauntlet | Found a transporter.
 14505 | Gauntlet | Found a transporter.
 14508 | Gauntlet | Found a transporter.
 14520 | Gauntlet | Found a transporter.
 14535 | Gauntlet | Found a transporter.
 14539 | Gauntlet | Found the +8 arc blade {discharge, rElec}
 14548 | Gauntlet | Found a transporter.
 14556 | Gauntlet | Found a runed translucent gate.
 14556 | Gauntlet | Found a runed translucent gate.
 14556 | Gauntlet | Found a runed translucent gate.
 14558 | Gauntlet | Noticed a green death
 14559 | Gauntlet | Found a runed translucent door.
 14560 | Gauntlet | Found a transporter.
 14569 | Gauntlet | Found a runed translucent door.
 14574 | Gauntlet | Found a transporter.
 14574 | Gauntlet | Found a transporter.
 14592 | Gauntlet | Found a transporter.
 14598 | Gauntlet | Found a transporter.
 14645 | Gauntlet | Found a transporter.
 14655 | Gauntlet | Found a transporter.
 14863 | Gauntlet | Identified the +1 hat "Muntifu" {rN+ Str-3 Stlth+}
 14881 | Gauntlet | HP: 5/113 [poisoned by something (dark miasma)]
 14883 | Gauntlet | Succumbed to a death drake's dark miasma

Illustrated notes

Levels and vault maps discovered:
D:1:      spicycebolla_arrival_risky_transporter, layout_loops_corners,
          feat_on_display
D:2:      layout_rooms, minmay_pentomino_u2, uniq_sigmund
D:3:      layout_loops_ring, hellmonk_ecumenical_altar_watching_god,
          uniq_natasha, uniq_robin, uniq_grinder, uniq_terence,
          uniq_crazy_yiuf_cottage
D:4:      nicolae_BIG_FREAKIN_CUBE, layout_rooms, general_overflow_altar,
          lemuel_temple_firewalk_b, chequers_serial_rivers_small_b
D:5:      layout_loops_ring, nicolae_ru_great_annihilating_truth,
          mainiacjoe_overflow_big_doors, serial_shops, nicolae_stop_n_shop_1,
          shop_coins, nicolae_take_the_stairs, shop_statue
D:6:      nicolae_cairo_tiling_large_dashed, layout_basic,
          palyth_temple_overflow_mages, trog_wizard, uniq_eustachio
D:7:      layout_basic, serial_shops, shop, nicolae_evil_shop, uniq_joseph
D:8:      layout_loops_ring, mrwooster_statue_mirror
D:9:      layout_long_grid, elyvilon_altar_1, lair_entry_dummy, serial_shops,
          nicolae_shop_hallway_stairs, shop, shop, shop,
          nicolae_shop_advertising_works [nicolae_subvault_shop_adworks],
          roadster_trireme
D:10:     layout_cave_pods, serial_nicolae_subway, nicolae_sub_station_stone,
          nicolae_sub_station_metal, nicolae_sub_station_crystal
D:11:     layout_cave_pools, okawaru_trees_1
D:12:     layout_loops_ring, orc_0_dummy, lightli_fourway_metalbox
Lair:1:   layout_cave_pods, lemuel_fruit_fields, grunt_megastairs_2
Lair:2:   layout_gridlike, spider_nest_entry_web_field, lemuel_fruit_fields,
          grunt_megastairs_4, serial_bayou_shore_b
Lair:3:   layout_chaotic_city, minmay_swamp_entry_swarm,
          portal_ice_cave_entry_ice_simulacra, chequers_serial_rivers_large_a,
          infiniplex_staircase_pool
Lair:4:   layout_cave_pods, slime_entry_1, basic_altar, grunt_megastairs_5
Lair:5:   hellmonk_lair_end_abyssal_woods, layout_regular_city,
          nicolae_volcano_entry_vermiform, gauntlet_entry_generic,
          gammafunk_ghost_arena, nicolae_quartered_pool_little, st_stairs_9
Gauntlet: minmay_gauntlet_77_tree [minmay_gauntlet_arena_77_path,
          minmay_gauntlet_arena_77_two_paths,
          minmay_gauntlet_arena_77_block_sizes,
          minmay_gauntlet_arena_77_cramped, minmay_gauntlet_arena_77_run_for_it,
          minmay_gauntlet_arena_77_p_blocks,
          minmay_gauntlet_arena_77_double_cross, gauntlet_exit_green]

Skill      XL: |  1  2  3  4  5  6  7  8  9 10 11 12 13 |
---------------+----------------------------------------+-----
Maces & Flails | 2 3 4 7 8 11 15 16 | 16.0
Fighting       | 3 5 6 9 10 | 10.0
Polearms       | 3 9 12 13 14 | 14.0
Armour         | 3 5 6 8 10 12 14 | 14.0
Invocations    | 3 4 |  4.0
Shields        | 3 |  3.5
Dodging        | |  2.1
Stealth        | |  1.5
Unarmed Combat | |  0.2
Spellcasting   | |  1.3
Ice Magic      | |  2.9

Action                     |  1- 3 |  4- 6 |  7- 9 | 10-12 | 13-15 || total
---------------------------+-------+-------+-------+-------+-------++-------
  Melee: Mace              |    97 |   128 |    43 |       |       ||   268
         Headbutt          |    15 |    12 |    67 |   201 |    51 ||   346
         Unarmed           |     1 |       |       |       |       ||     1
         Trident           |       |       |   440 |   590 |       ||  1030
         Morningstar       |       |       |       |   361 |       ||   361
         Demon trident     |       |       |       |   150 |   232 ||   382
 Invoke: Heroism           |       |       |       |     6 |     1 ||     7
         Receive Weapon    |       |       |       |     1 |       ||     1
         Receive Armour    |       |       |       |     1 |       ||     1
  Evoke: Wand              |       |     3 |       |    14 |       ||    17
    Use: Scroll            |       |     3 |     4 |    18 |     5 ||    30
         Potion            |       |     1 |     4 |     6 |     6 ||    17
   Stab: Sleeping          |     2 |       |       |       |       ||     2
         Distracted        |     1 |       |       |       |       ||     1
         Paralysed         |       |       |     1 |       |       ||     1
 Armour: Robe              |    66 |       |       |       |       ||    66
         Leather armour    |    19 |       |       |       |       ||    19
         Ring mail         |     1 |    52 |       |       |       ||    53
         Chain mail        |       |    56 |   258 |       |       ||   314
         Plate armour      |       |       |   231 |   858 |       ||  1089
         Crystal plate arm |       |       |       |    97 |   222 ||   319
  Dodge: Dodged            |    70 |    41 |   124 |   175 |    78 ||   488
  Block: Buckler           |       |     4 |    56 |   136 |    29 ||   225

Table legend: (Time is in decaauts)
 A = Elapsed time spent in this place.
 B = Non-inter-level travel time spent in this place.
 C = Inter-level travel time spent in this place.
 D = Time resting spent in this place.
 E = Time spent auto-exploring this place.
 F = Levels seen in this place.
 G = Mean time per level.
                   A        B        C        D        E       F      G
               +--------+--------+--------+--------+--------+-----+--------+
         Total |  14593 |  14069 |    524 |   1522 |   8525 |  19 |  768.1 |
       Dungeon |  10157 |   9738 |    419 |   1233 |   5607 |  12 |  846.4 |
          Lair |   3892 |   3788 |    104 |    152 |   2728 |   5 |  778.4 |
      Ice Cave |    153 |    153 |      0 |     36 |     38 |   1 |  153.0 |
      Gauntlet |    390 |    390 |      0 |    100 |    152 |   1 |  390.0 |
               +--------+--------+--------+--------+--------+-----+--------+

Top non-repeatable levels by time:
     D:3: 1199 daAuts
  Lair:1: 1147 daAuts
     D:9: 1056 daAuts
  Lair:4: 983 daAuts
     D:1: 966 daAuts
     D:6: 956 daAuts
    D:10: 888 daAuts
     D:7: 879 daAuts
  Lair:3: 843 daAuts
     D:8: 784 daAuts
     D:5: 749 daAuts
    D:11: 740 daAuts
  Lair:2: 725 daAuts
     D:4: 683 daAuts
     D:2: 663 daAuts
